 Dungeon Crawl Stone Soup version 0.29.1-1-gd02db6906a (webtiles) character file.

Game seed: 1962780909544059412

347 Icepheonix32 the Caller (level 6, 0/41 HPs)
             Began as a Merfolk Summoner on Oct 10, 2022.
             Slain by a sky beast (6 damage)
             ... on level 4 of the Dungeon.
             The game lasted 00:12:39 (5331 turns).

Icepheonix32 the Caller (Merfolk Summoner)          Turns: 5331, Time: 00:12:40

Health: 0/41       AC:  2    Str:  8    XL:     6   Next: 59%
Magic:  8/9        EV: 12    Int: 16    God:
Gold:   319        SH:  0    Dex: 15    Spells: 3/9 levels left

rFire   . . .      SeeInvis .   t - +0 spear (freeze)
rCold   + . .      Faith    .   (no shield)
rNeg    . . .      Spirit   .   o - +0 robe {Will+}
rPois   .          Reflect  .   (helmet restricted)
rElec   .          Harm     .   (no cloak)
rCorr   .          Rampage  .   (no gloves)
Will    +....      Clarity  +   (no boots)
Stlth   ++........              (no amulet)
HPRegen 0.13/turn               r - ring of protection from cold
MPRegen 0.11/turn               (no ring)

@: mighty
A: (nimble swimmer 2), mertail, antennae 1, clarity, MP-powered wands
a: no special abilities


You were on level 4 of the Dungeon.
You visited 2 branches of the dungeon, and saw 5 of its levels.

You collected 319 gold pieces.

Inventory:

Hand Weapons
 d - a +0 dagger
 h - a +0 dagger of electrocution
 l - a +0 trident
 p - a +0 rapier
 t - a +0 spear of freezing (weapon)
Missiles
 q - 3 boomerangs
Armour
 a - a +0 robe
 o - a +0 robe of willpower (worn)
 u - a +0 buckler
Jewellery
 r - a ring of protection from cold (left hand)
Wands
 k - a wand of paralysis (5)
Scrolls
 c - a scroll of torment
 i - 2 scrolls of identify
 j - a scroll of amnesia
 n - a scroll of enchant armour {unknown}
 s - 2 scrolls of fog {unknown}
Potions
 b - a potion of magic
 e - 2 potions of attraction
 g - 2 potions of curing
 m - a potion of berserk rage


   Skills:
 - Level 2.6 Dodging
 - Level 2.1 Stealth
 - Level 2.0 Spellcasting
 + Level 7.7 Summonings


You had 3 spell levels left.
You knew the following spells:

 Your Spells              Type           Power      Damage    Failure   Level
a - Summon Small Mammal   Summ           100%       N/A       1%          1
b - Call Imp              Summ           26%        N/A       1%          2
c - Call Canine Familiar  Summ           26%        N/A       2%          3

Your spell library contained the following spells:

 Spells                   Type           Power      Damage    Failure   Level
 Summon Guardian Golem    Hex/Summ       13%        N/A       13%         3
 Summon Lightning Spire   Summ/Air       13%        N/A       38%         4


Dungeon Overview and Level Annotations

Branches:
Dungeon (4/15)             Temple (1/1) D:4

Altars:
Cheibriados
Elyvilon
Fedhas
Gozag
Makhleb
Nemelex Xobeh
Qazlal
Ru
Sif Muna
Yredelemnul

Shops:
D:2 :

Annotations:
D:2 1 runed translucent door, Crazy Yiuf
D:4 1 runed translucent door


Innate Abilities, Weirdness & Mutations

((You are very nimble when in or above water. (Stealth+, EV+, Speed+++)))
Your lower body shifts to a powerful aquatic tail in water.
You have a pair of small antennae on your head.
You possess an exceptional clarity of mind.
You expend magic power (3 MP) to strengthen your wands.


Message History

Unknown command.
Your hound completely misses the ufetubus.
Your hound bites the ufetubus but does no damage.
Unknown command.
You hit the ufetubus but do no damage.
The ufetubus is lightly wounded.
The ufetubus misses you. The ufetubus barely misses you.
Your hound bites the ufetubus.
The orc barely misses you.
The sky beast flickers out of sight!
Deactivating autopickup; reactivate with Ctrl-A.
Your white imp gestures at the orc.
The puff of frost hits the orc!
The orc dies!
The ufetubus closely misses you. x2
You feel very mighty all of a sudden.
Your hound bites the ufetubus.
The ufetubus barely misses your hound. The ufetubus misses your hound.
Your white imp hits the ufetubus.
The ufetubus dies!
Your hound closely misses something.
Your hound bites something.
Something hits you but does no damage. The goblin barely misses you.
Your white imp closely misses the goblin.
You hit something. You freeze something.
Your hound barely misses something.
Something hits you. Something shocks you. The goblin hits you with a +0 club.
Your white imp hits the goblin.
Your white imp freezes the goblin.
The goblin dies!
Your hound barely misses something.
You miss something.
Your hound barely misses something.
Something hits you. Something shocks you.
Your hound bites something.
You miss something. Something hits you.
* * * LOW HITPOINT WARNING * * *
Something shocks you.
* * * LOW HITPOINT WARNING * * *
Your hound closely misses something.
Unknown command.
You closely miss something.
Your hound closely misses something.
Something hits you.
* * * LOW HITPOINT WARNING * * *
Something shocks you.
You die...

............
#...........
####..........$
...............
...............
...............
...............
......5{####
......)@h..# ####
.........|.##...#
.................
#
.................
#
.................
##
.....#........##+
#.
.....#........# ~
#.
.....#........#
.... ####
#........# #.....


You could see a friendly hound (summoned) and a friendly white imp (summoned).

Vanquished Creatures
  A gnoll sergeant (D:4)
  A howler monkey (D:4)
  An orc wizard (D:3)
  2 gnolls (D:4)
  4 adders
  5 orcs
  4 endoplasms
  A giant cockroach (D:2)
  2 goblins
  A hobgoblin (D:2)
  2 jackals (D:1)
  2 quokkas
  4 ball pythons
  A bat (D:1)
  3 frilled lizards
  A kobold (D:1)
  A rat (D:1)
36 creatures vanquished.

Vanquished Creatures (collateral kills)
  Jessica (D:3)
  An orc wizard (D:3)
  A gnoll (D:4)
  An adder (D:4)
  An ufetubus (D:4)
  2 worms
  9 orcs
  3 endoplasms
  A hobgoblin (D:1)
  8 jackals (D:1)
  2 kobolds
  A ball python (D:2)
  A frilled lizard (D:1)
  8 goblins
  A rat (D:2)
41 creatures vanquished.

Grand Total: 77 creatures vanquished

Notes
Turn   | Place    | Note
-------+----------+-------------------------------------------
     0 | D:1      | Icepheonix32 the Merfolk Summoner began the quest for the
                  | Orb.
     0 | D:1      | Reached XP level 1. HP: 13/13 MP: 3/3
   505 | D:1      | Reached XP level 2. HP: 7/19 MP: 1/5
   709 | D:1      | Learned a level 2 spell: Call Imp
  1609 | D:1      | Reached XP level 3. HP: 24/24 MP: 2/6
  1617 | D:1      | Reached skill level 5 in Summonings
  1685 | D:1      | Learned a level 3 spell: Call Canine Familiar
  1991 | D:2      | Found Koojealu's Book Emporium.
  2499 | D:2      | Found a faded altar of an unknown god.
  2521 | D:2      | Found a burning altar of Makhleb.
  2688 | D:2      | Found a runed translucent door.
  2689 | D:2      | Noticed Crazy Yiuf
  3021 | D:3      | Reached XP level 4. HP: 30/30 MP: 1/7
  3214 | D:3      | Noticed Jessica
  3223 | D:3      | Killed Jessica
  3363 | D:3      | Reached skill level 6 in Summonings
  3534 | D:3      | Found a snail-covered altar of Cheibriados.
  3859 | D:3      | Reached XP level 5. HP: 35/35 MP: 1/8
  4010 | D:3      | Found a white marble altar of Elyvilon.
  4292 | D:3      | Gained mutation: You expend magic power (3 MP) to
                  | strengthen your wands. [potion of mutation]
  4292 | D:3      | Gained mutation: You possess an exceptional clarity of
                  | mind. [potion of mutation]
  4292 | D:3      | Gained mutation: You have a pair of small antennae on your
                  | head. [potion of mutation]
  4472 | D:4      | Found a staircase to the Ecumenical Temple.
  4544 | Temple   | Entered the Ecumenical Temple
  4834 | D:4      | Reached skill level 7 in Summonings
  4834 | D:4      | Reached XP level 6. HP: 41/41 MP: 9/9
  5312 | D:4      | Found a runed translucent door.
  5319 | D:4      | Noticed a sky beast
  5331 | D:4      | Slain by a sky beast

Illustrated notes

Levels and vault maps discovered:
D:1:      sevenhm_arrival_forest_fort_large_2, layout_basic
D:2:      layout_loops_ring, ebering_ecumenical_altar_webs, serial_shops,
          nicolae_shop_statue_plus, basic_altar, ebering_dispersal_statue_hall,
          hangedman_decor_clover_reticule, uniq_crazy_yiuf_cottage
D:3:      layout_loops_ring, lemuel_coloured_pillars_altar, elyvilon_altar_3,
          serial_glass, glass_columns_a, glass_columns_a, minmay_misc_feat_tiny,
          dreamdust_wishing_well, kennysheep_generic_room_4, uniq_jessica
D:4:      layout_basic, ebering_ghost_reflecting_pool, minmay_stone_trees_small,
          chequers_serial_rivers_large_b, minmay_misc_feat_hallway,
          minmay_pentomino_pile
Temple:   nicolae_temple_superstar

Skill      XL: |  1  2  3  4  5 |
---------------+----------------+-----
Summonings     | 5 6 7 |  7.7
Dodging        | |  2.6
Stealth        | |  2.1
Spellcasting   | |  2.0

Action                   |  1- 3 |  4- 6 || total
-------------------------+-------+-------++-------
Melee: Dagger            |    83 |    81 ||   164
       Punch             |     2 |     1 ||     3
       Tailslap          |       |     1 ||     1
       Spear             |       |     8 ||     8
 Cast: Summon Small Mamm |    17 |     2 ||    19
       Call Imp          |    15 |     7 ||    22
       Call Canine Famil |     1 |    12 ||    13
  Use: Scroll            |     1 |     7 ||     8
       Potion            |       |     4 ||     4
 Stab: Sleeping          |     5 |     4 ||     9
       Distracted        |       |     3 ||     3
Armor: Robe              |    17 |     9 ||    26
Dodge: Dodged            |    62 |    66 ||   128
